 Dungeon Crawl Stone Soup version 0.21-a0-201-g8501b10 (webtiles) character file.

1959 Lavandula the Chiller (level 9, 0/64 HPs)
             Began as a Ghoul Ice Elementalist on Aug 18, 2017.
             Was an Initiate of Hepliaklqana.
             Slain by Serpenta's ghost (17 damage)
             ... on level 7 of the Dungeon.
             The game lasted 00:35:04 (4496 turns).

Lavandula the Chiller (Ghoul Ice Elementalist)      Turns: 4496, Time: 00:35:05

Health: 0/64       AC:  7    Str: 12    XL:     9   Next: 19%
Magic:  12/12      EV: 11    Int: 13    God:    Hepliaklqana [......]
Gold:   298        SH:  0    Dex:  9    Spells: 3/13 levels left

rFire    . . .     SeeInvis .     - Unarmed
rCold    + . .     Gourm    .   (no shield)
rNeg     + + +     Faith    .   t - +3 leather armour
rPois    ∞         Spirit   .   (no helmet)
rElec    .         Reflect  .   (no cloak)
rCorr    .         Harm     .   (no gloves)
MR       .....                  k - +0 pair of boots
Stlth    ++........             j - amulet of magic regeneration
HPRegen  0.00/turn              (no ring)
MPRegen  0.38/turn              (no ring)

@: rotting
A: rotting body, reduced essence, claws 1, carnivore 3, cold resistance 1,
negative energy resistance 3, inhibited regeneration, torment resistance,
unbreathing
a: Recall Ancestor, Ancestor Identity, Renounce Religion


You were on level 7 of the Dungeon.
You worshipped Hepliaklqana.
Hepliaklqana was noncommittal.
You were not hungry.

You visited 2 branches of the dungeon, and saw 8 of its levels.

You collected 298 gold pieces.

Inventory:

Missiles
 y - a throwing net (quivered)
Armour
 k - a +0 pair of boots (worn)
 t - a +3 leather armour (worn)
 v - a +1 robe
 w - the +0 pair of gloves of Gravitas {Str+4 Dex-2}
   (You found it on level 4 of the Dungeon)

   It affects your strength (+4).
   It affects your dexterity (-2).
 E - a +0 buckler
Jewellery
 j - an amulet of magic regeneration (around neck)
Wands
 e - a wand of random effects (17/48)
 f - a wand of flame (13/48)
 h - a wand of polymorph (8/24)
 n - a wand of disintegration (0/24)
 r - a wand of lightning (7/15)
 s - a wand of paralysis (0/24)
 F - a wand of polymorph (6/24)
Scrolls
 d - a scroll of enchant armour
 g - 3 scrolls of fear
 i - a scroll of teleportation
 l - 3 scrolls of remove curse
 p - 2 scrolls of fog
 B - a scroll of magic mapping
 C - a scroll of recharging {unknown}
 G - a scroll of torment {unknown}
Potions
 o - a potion of flight
 q - 2 potions of magic {pikel}
 u - a potion of degeneration {unknown}
 x - a potion of brilliance
 z - a potion of heal wounds {unknown}
 A - 2 potions of curing
Books
 b - a book of Frost

   Spells                             Type                      Level
   a - Freeze                         Ice                          1
   b - Throw Frost                    Conjuration/Ice              2
   c - Ozocubu's Armour               Charms/Ice                   3
   d - Throw Icicle                   Conjuration/Ice              4
   e - Summon Ice Beast               Ice/Summoning                4
 D - a book of Air

   Spells                             Type                      Level
   a - Shock                          Conjuration/Air              1
   b - Swiftness                      Charms/Air                   2
   c - Static Discharge               Conjuration/Air              3
   d - Airstrike                      Air                          4
   e - Lightning Bolt                 Conjuration/Air              5
Comestibles
 c - 3 meat rations
 m - 2 royal jellies


   Skills:
 - Level 4.3 Fighting
 - Level 1.7 Dodging
 + Level 3.2 Stealth
 - Level 3.0 Unarmed Combat
 - Level 2.8 Spellcasting
 - Level 0.7 Conjurations
 - Level 2.7 Charms
 - Level 4.2 Summonings
 - Level 7.1 Ice Magic
 - Level 4.6 Evocations


You had 3 spell levels left.
You knew the following spells:

 Your Spells              Type           Power        Failure   Level  Hunger
a - Freeze                Ice            ###.         1%          1    #......
b - Ozocubu's Armour      Chrm/Ice       ##......     12%         3    ###....
c - Throw Frost           Conj/Ice       ##....       9%          2    ###....
d - Summon Ice Beast      Ice/Summ       ###.....     28%         4    #####..


Dungeon Overview and Level Annotations

Branches:
Dungeon (7/15)             Temple (1/1) D:7

Altars:
Cheibriados
Fedhas
Hepliaklqana
Makhleb
Nemelex Xobeh
Okawaru
Ru
Trog
Uskayaw
Vehumet
Wu Jian
Zin
The Shining One

Annotations:
D:2 exclusion: adder
D:3 exclusion: upstairs
D:4 Edmund; Helio's ghost, amateur SpEn
D:5 2 blink scrolls, Grinder
D:6 exclusions: downstairs and upstairs
D:7 Serpenta's ghost, novice BaSu


Innate Abilities, Weirdness & Mutations

Your body is rotting away.
You thrive on raw meat.
You are immune to poison.
You have sharp fingernails.
You are carnivorous and can eat meat at any time.
Your flesh is cold resistant. (rC+)
You are immune to negative energy. (rN+++)
You do not regenerate when monsters are visible.
You are immune to unholy pain and torment.
You can survive without breathing.
Your life essence is reduced to manifest your ancestor. (-10% HP)


Message History

Serpenta's ghost barely misses you.
Branko hits Serpenta's ghost.
You barely miss Serpenta's ghost.
Serpenta's ghost is moderately damaged.
Serpenta's ghost barely misses you.
Branko barely misses Serpenta's ghost.
You barely miss Serpenta's ghost.
Serpenta's ghost is moderately damaged.
The white imp disappears in a puff of smoke!
Serpenta's ghost hits you!
You are electrocuted!
* * * LOW HITPOINT WARNING * * *
Branko hits Serpenta's ghost.
You scratch Serpenta's ghost but do no damage.
Serpenta's ghost is moderately damaged.
Serpenta's ghost hits you.
* * * LOW HITPOINT WARNING * * *
Branko hits Serpenta's ghost.
You scratch Serpenta's ghost.
Serpenta's ghost is heavily damaged.
Serpenta's ghost hits you but does no damage.
You are electrocuted!
You die...
P

#.......# #..........
###.......# ##.........
♣.........# ####......
## ♣.........# ##.....
P## ###.......# ##....
PP### #.......# #####
.PP.###..[....#
P..♣#........§####
PPP..........55W@#
##♣P...#####.###R######
.###♣..# #..##......#
...##..# ##.###+###.# #
##....## #.#.....#.# #
###### #.#.#'#.#.# #
#.[.#>#.'.# #
###.###.#.# # #.....#.#
#


You could see the friendly Branko the ancestor, Serpenta's ghost, a crimson imp
and a shadow imp.

Vanquished Creatures
  Pikel (D:6)
  Sigmund (D:4)
  Eustachio (D:4)
  An ice beast (D:6)
  2 sky beasts
  A centaur (D:6)
  An ogre (D:6)
  A big kobold (D:7)
  A bullfrog (D:6)
  A water moccasin zombie (D:3)
  A howler monkey (D:6)
  3 orc priests
  2 hounds
  A centaur skeleton (D:5)
  A bullfrog skeleton (D:7)
  An iguana (D:6)
  Ijyb (D:5)
  A worker ant (D:5)
  A worker ant zombie (D:7)
  5 adders
  A shadow imp (D:6)
  An ooze (D:7)
  An adder skeleton (D:6)
  An adder zombie (D:5)
  7 leopard geckos
  12 orcs
  5 giant cockroaches
  6 goblins
  8 hobgoblins
  3 jackals (D:5)
  16 kobolds
  3 quokkas
  A ball python (D:2)
  A bat (D:3)
  A frilled lizard (D:4)
  A goblin zombie (D:6)
  4 hobgoblin zombies (D:6)
  2 orc skeletons (D:6)
  3 orc zombies (D:6)
  A rat (D:3)
106 creatures vanquished.

Vanquished Creatures (collateral kills)
  Duvessa (D:4)
  An ogre (D:7)
  Blork the orc (D:4)
  Dowan (D:4)
  An orc wizard (D:7)
  2 worker ants (D:7)
  A killer bee zombie (D:7)
  3 orcs (D:7)
  A giant cockroach (D:3)
  A goblin (D:3)
  10 kobolds (D:7)
  A plant (D:7)
24 creatures vanquished.

Vanquished Creatures (others)
  A plant (D:7)
1 creature vanquished.

Grand Total: 131 creatures vanquished

Notes
Turn   | Place    | Note
-------+----------+-------------------------------------------
     0 | D:1      | Lavandula the Ghoul Ice Elementalist began the quest for the Orb.
     0 | D:1      | Reached XP level 1. HP: 14/14 MP: 2/2
    59 | D:1      | You fall through a shaft!
   129 | D:2      | Reached skill level 1 in Unarmed Combat
   184 | D:1      | Reached XP level 2. HP: 17/20 MP: 0/4
   345 | D:2      | Reached XP level 3. HP: 18/26 MP: 1/5
   491 | D:3      | Learned a level 3 spell: Ozocubu's Armour
   654 | D:4      | Noticed Edmund
   882 | D:5      | Entered Level 5 of the Dungeon
   900 | D:4      | Noticed Dowan
   902 | D:4      | Noticed Helio's ghost (amateur SpEn)
   970 | D:5      | Reached XP level 4. HP: 24/34 MP: 1/6
  1019 | D:5      | Reached skill level 4 in Ice Magic
  1023 | D:5      | Learned a level 2 spell: Throw Frost
  1130 | D:5      | Reached skill level 1 in Fighting
  1167 | D:5      | Reached XP level 5. HP: 23/41 MP: 0/7
  1375 | D:5      | Noticed Grinder
  1376 | D:5      | Noticed a phantom
  1390 | D:5      | Found a sparkling altar of Nemelex Xobeh.
  1405 | D:5      | Noticed Ijyb
  1431 | D:5      | Noticed Pikel
  1439 | D:5      | Noticed a slave
  1440 | D:5      | Noticed a slave
  1440 | D:5      | Noticed a slave
  1498 | D:6      | Reached XP level 6. HP: 47/51 MP: 2/9
  1504 | D:6      | Learned a level 4 spell: Summon Ice Beast
  1639 | D:6      | Reached skill level 1 in Charms
  1761 | D:7      | Noticed Serpenta's ghost (novice BaSu)
  1842 | D:6      | Noticed an ice beast
  1900 | D:6      | Killed an ice beast
  1900 | D:6      | Reached XP level 7. HP: 19/57 MP: 10/10
  1904 | D:6      | Found a glowing golden altar of the Shining One.
  2344 | D:6      | Found a sacrificial altar of Ru.
  2558 | D:6      | Found a blossoming altar of Fedhas.
  2718 | D:6      | Killed Pikel
  2718 | D:6      | Reached skill level 7 in Ice Magic
  2718 | D:6      | Reached XP level 8. HP: 23/66 MP: 5/11
  2820 | D:5      | Paralysed by Ijyb for 3 turns
  2826 | D:5      | Killed Ijyb
  2826 | D:5      | Reached skill level 1 in Summonings
  2912 | D:4      | Found an ornate altar of the Wu Jian Council.
  3125 | D:4      | Noticed Blork the orc
  3141 | D:4      | Killed Blork the orc
  3248 | D:4      | Noticed Eustachio
  3297 | D:4      | Killed Eustachio
  3308 | D:4      | Noticed Sigmund
  3329 | D:4      | Killed Sigmund
  3604 | D:4      | Noticed Duvessa
  3613 | D:4      | Killed Dowan
  3620 | D:4      | Killed Duvessa
  3665 | D:4      | Got a pair of translucent gloves
  3671 | D:4      | Identified the +0 pair of gloves of Gravitas {Str+4 Dex-2} (You found it on level 4 of the Dungeon)
  3877 | D:3      | You fall through a shaft for 2 floors!
  4018 | D:7      | Reached XP level 9. HP: 66/72 MP: 10/12
  4378 | D:7      | Found a staircase to the Ecumenical Temple.
  4400 | Temple   | Entered the Ecumenical Temple
  4443 | Temple   | Became a worshipper of Hepliaklqana the Forgotten
  4496 | D:7      | Slain by Serpenta's ghost

Vault maps used:
D:1:      shiori_angband_town, minmay_misc_feat_chi
D:2:      hangedman_abyss_or_decor_stabs
D:3:      first_bread
D:4:      overflow_temple_1_default, uniq_sigmund, uniq_edmund, uniq_duvessa,
          uniq_eustachio, uniq_blork_the_orc
D:5:      cheibrodos_two_vegetables, nemelex_diamond_rough_becter,
          uniq_menkaure, uniq_grinder, uniq_pikel, uniq_ijyb
D:6:      nicolae_tso_besieged_by_evil, nicolae_ru_the_path_less_chosen,
          fedhas_altar_4
D:7:      kennysheep_kobold_camp, cheibrodos_ashenzari_chains,
          nicolae_overflow_crystal_walls, minmay_temple_entry_glassed_door,
          serial_park_tiny_1, kennysheep_decorative_pillar
Temple:   eino_temple_scatter_basement

Skill      XL: |  1  2  3  4  5  6  7  8  9 |
---------------+----------------------------+-----
Unarmed Combat | 1 2 3 |  3.0
Spellcasting   | 2 |  2.8
Ice Magic      | 4 7 |  7.1
Fighting       | 2 3 4 |  4.3
Charms         | 2 |  2.7
Evocations     | 2 3 4 |  4.6
Summonings     | 4 |  4.2
Stealth        | 3 |  3.2
Dodging        | |  1.7
Conjurations   | |  0.7

Action                   |  1- 3 |  4- 6 |  7- 9 || total
-------------------------+-------+-------+-------++-------
Melee: Unarmed           |    72 |   102 |   227 ||   401
       Punch             |       |       |     3 ||     3
 Cast: Freeze            |    41 |    24 |    40 ||   105
       Ozocubu's Armour  |       |     9 |    10 ||    19
       Throw Frost       |       |       |     1 ||     1
       Summon Ice Beast  |       |       |    24 ||    24
Evoke: Wand              |       |    12 |    11 ||    23
  Use: Scroll            |     2 |    10 |     2 ||    14
       Potion            |     1 |     3 |       ||     4
 Stab: Sleeping          |       |     1 |     2 ||     3
       Paralysed         |       |       |     7 ||     7
       Distracted        |       |       |     1 ||     1
  Eat: Chunk             |    14 |    21 |    19 ||    54
Armor: Robe              |    12 |    39 |    20 ||    71
       Leather armour    |       |       |    42 ||    42
Dodge: Dodged            |    65 |    97 |   105 ||   267
